 Dungeon Crawl Stone Soup version 0.28-a0-1567-g1695149f81 (webtiles) character file.

Game seed: 2449793316442559024

616 Shayle the Ducker (level 7, -1/52 HPs)
             Began as a Djinni Warper on Jan 19, 2022.
             Slain by an ice beast (16 damage)
             ... on level 5 of the Dungeon.
             The game lasted 00:10:55 (6121 turns).

Shayle the Ducker (Djinni Warper)                   Turns: 6121, Time: 00:10:57

Health: -1/52      AC:  4    Str: 10    XL:     7   Next: 73%
Gold:   224        EV: 13    Int: 16    God:
                   SH:  0    Dex: 13

rFire   + + .      SeeInvis .   u - +2 short sword (freeze)
rCold   x . .      Faith    .   l - orb {*Rage}
rNeg    . . .      Spirit   .   a - +0 leather armour
rPois   ∞          Reflect  .   k - +0 helmet
rElec   .          Harm     .   (no cloak)
rCorr   .          Rampage  .   (no gloves)
Will    .....      Rage     20% (boots unavailable)
Stlth   +.........              (no amulet)
HPRegen 0.17/turn               (no ring)
MPRegen 0.00/turn               (no ring)

@: flying, very slightly contaminated
A: sickness immunity, fire resistance 2, cold vulnerability 1, float, innate
caster, hp casting, extra vitality 1
a: no special abilities


You were on level 5 of the Dungeon.
You visited 1 branch of the dungeon, and saw 5 of its levels.
You also visited: Sewer.

You collected 224 gold pieces.

Inventory:

Hand Weapons
 u - a +2 short sword of freezing (weapon)
Missiles
 c - 4 boomerangs of dispersal (quivered)
 m - 6 boomerangs
Armour
 a - a +0 leather armour (worn)
 k - a +0 helmet (worn)
 l - an orb of wrath (worn)
 p - a +1 ring mail of fire resistance
Wands
 v - a wand of iceblast (14)
Scrolls
 b - a scroll of blinking
 d - a scroll of identify
 g - 7 scrolls of teleportation
 q - a scroll of fear {unknown}
 r - a scroll of magic mapping {unknown}
 t - 2 scrolls of enchant weapon {unknown}
Potions
 e - 3 potions of might
 f - a potion of invisibility {unknown}
 h - 2 potions of brilliance
 j - 2 potions of lignification
 n - a potion of resistance {unknown}
 o - a potion of curing {unknown}
 s - a potion of heal wounds {unknown}


   Skills:
 + Level 4.3 Fighting
 - Level 0.7 Throwing
 - Level 1.0 Armour
 + Level 4.7 Dodging
 + Level 4.3 Unarmed Combat
 + Level 3.8 Spellcasting


You couldn't memorise any spells.
You knew the following spells:

 Your Spells              Type           Power      Damage    Failure   Level
a - Blink                 Tloc           30%        N/A       8%          2
b - Lesser Beckoning      Tloc           15%        N/A       14%         3
c - Gell's Gravitas       Tloc           15%        N/A       14%         3
d - Teleport Other        Tloc           15%        N/A       14%         3
e - Manifold Assault      Tloc           15%        N/A       80%         5
f - Freeze                Ice            60%        1d8       4%          1
g - Scorch                Fire           30%        2d7       8%          2
h - Poisonous Vapours     Pois/Air       30%        N/A       8%          2
Your spell library was empty.

Dungeon Overview and Level Annotations

Branches:
Dungeon (5/15)              Sewer (visited)
 Temple: D:4-7

Altars:
Okawaru
Qazlal
Ru
Wu Jian

Shops:
D:3 =

Annotations:
D:5 2 transporters, croobank's ghost, amateur OpSu


Innate Abilities, Weirdness & Mutations

You are immune to sickness and miasma.
You are immune to poison.
Your flesh is very heat resistant. (rF++)
You are vulnerable to cold. (rC-)
You float through the air rather than walking.
You learn spells naturally, not from books.
Your magical power is your life essence.
You have superior vitality. (+4 MHP)


Message History

You are very lightly contaminated with residual magic.
Nothing appears to happen.
The hound barks!
The ice beast closely misses you.
Casting: Scorch (safe; 8% risk of failure)
Confirm with . or Enter, or press ? or * to list all spells.
Flames lash the ice beast.
The ice beast melts!
The ice beast is heavily wounded.
The ice beast's fire resistance burns away.
The ice beast misses you.
Casting: Scorch (safe; 8% risk of failure)
Confirm with . or Enter, or press ? or * to list all spells.
Flames lash the ice beast.
The ice beast melts!
The ice beast is severely wounded.
The ice beast misses you.
Your magical contamination has completely faded away.
Casting: Scorch (safe; 8% risk of failure)
Confirm with . or Enter, or press ? or * to list all spells.
You miscast Scorch.
You are very lightly contaminated with residual magic.
Nothing appears to happen.
The ice beast hits you. The ice beast freezes you!!
You feel a terrible chill!
Unknown command.
Casting: Scorch (safe; 8% risk of failure)
Confirm with . or Enter, or press ? or * to list all spells.
Flames lash the ice beast but do no damage.
The ice beast hits you but does no damage.
Casting: Scorch (safe; 8% risk of failure)
Confirm with . or Enter, or press ? or * to list all spells.
Flames lash the ice beast.
The ice beast melts!
The ice beast is almost dead.
The ice beast hits you but does no damage.
Casting: Scorch (safe; 8% risk of failure)
Confirm with . or Enter, or press ? or * to list all spells.
Flames lash the ice beast.
The ice beast is almost dead.
The ice beast hits you.
* * * LOW HITPOINT WARNING * * *
The ice beast freezes you!
You feel a terrible chill!
You die...

.#8#..#..#
##..≈≈.....≈≈... #..#..#
#.....##≈≈≈≈≈##≈## .).
#.. #.##..##≈≈≈≈≈##.#.
.. ©#..
#.##............#. ##.
#.#.........###.#.
....###.#..###.#..###...
......................#.
#...........##...##....
.###@#[.####.>.......
#Y#..# ##..##....
...###h#..# #..##.#.#
...........# #..##.#.#
....###.#.h# #..##.#.#
.. #.#..# #..##.#.#
#.#..# #..##.#.#
#..............#.#
...............####..


You could see an ice beast (combustible) and a hound.

Vanquished Creatures
  Pargi (Sewer)
  2 ogres
  A scorpion (D:4)
  A howler monkey (D:4)
  2 orc priests (D:4)
  2 orc wizards (D:5)
  2 hound skeletons (D:4)
  6 adders
  An adder zombie (D:5)
  A worm (D:3)
  A dart slug (D:1)
  6 orcs
  6 ball pythons
  3 endoplasms
  2 giant cockroaches
  5 goblins
  5 hobgoblins
  3 jackals (D:5)
  3 kobolds
  A quokka (D:5)
  4 bats
  6 frilled lizards
  7 rats
71 creatures vanquished.

Notes
Turn   | Place    | Note
-------+----------+-------------------------------------------
     0 | D:1      | Shayle the Djinni Warper began the quest for the Orb.
     0 | D:1      | Reached XP level 1. HP: 18/18 MP: 0/0
   463 | D:1      | You are sucked into a shaft and drop 1 floor!
   493 | D:2      | Reached XP level 2. HP: 23/23 MP: 0/0
   785 | D:2      | Reached XP level 3. HP: 13/29 MP: 0/0
   785 | D:2      | Learned a level 1 spell: Freeze
  1095 | D:2      | Found a faded altar of an unknown god.
  2324 | D:3      | Found Xerhoobe's Jewellery Boutique.
  2570 | D:3      | Reached XP level 4. HP: 29/34 MP: 0/0
  3255 | D:4      | Found a sacrificial altar of Ru.
  3357 | D:4      | Noticed a scorpion
  3379 | D:4      | Killed a scorpion
  3380 | D:4      | Reached XP level 5. HP: 8/40 MP: 0/0
  3380 | D:4      | Learned a level 2 spell: Scorch
  3781 | D:4      | Noticed an ogre
  3799 | D:5      | Entered Level 5 of the Dungeon
  4050 | D:5      | Found a stormy altar of Qazlal.
  4062 | D:5      | Found a glowing drain.
  4076 | Sewer    | Entered a sewer
  4162 | Sewer    | Noticed Pargi
  4200 | Sewer    | Killed Pargi
  4201 | Sewer    | Reached XP level 6. HP: 29/46 MP: 0/0
  4460 | D:5      | Noticed an ogre
  4492 | D:4      | Killed an ogre
  4493 | D:4      | Reached XP level 7. HP: 37/51 MP: 0/0
  4493 | D:4      | Learned a level 2 spell: Poisonous Vapours
  5514 | D:5      | Found an ornate altar of the Wu Jian Council.
  5799 | D:5      | Found an iron altar of Okawaru.
  5815 | D:5      | Found a transporter.
  5815 | D:5      | Noticed croobank's ghost (amateur OpSu)
  5817 | D:5      | Found a transporter.
  6121 | D:5      | Slain by an ice beast

Illustrated notes

Levels and vault maps discovered:
D:1:      dpeg_arrival_arbitrary_b, layout_basic
D:2:      layout_basic, ebering_ecumenical_altar_mist
D:3:      layout_loops_ring, serial_shops, shop, nrook_mini_vaults
D:4:      layout_basic, nicolae_ru_awakened_eye, grunt_ministairs_2,
          minivault_23, hangedman_decor_points, kennysheep_windowed_goal
D:5:      layout_basic, nicolae_wu_jian_immortal_techniques,
          grunt_qazlal_clouds, kennysheep_mini_moat,
          cheibrodos_sewer_entry_sluice, gammafunk_ghost_mausoleum,
          nrook_mini_backslash

Skill      XL: |  1  2  3  4  5  6  7 |
---------------+----------------------+-----
Dodging        | 3 4 |  4.7
Fighting       | 3 4 |  4.3
Unarmed Combat | 3 4 |  4.3
Spellcasting   | 3 |  3.8
Throwing       | |  0.7
Armour         | |  1.0

Action                   |  1- 3 |  4- 6 |  7- 9 || total
-------------------------+-------+-------+-------++-------
Melee: Unarmed           |    64 |   109 |     8 ||   181
       Punch             |     1 |       |       ||     1
       Short sword       |       |       |     6 ||     6
Throw: Boomerang         |       |     1 |       ||     1
 Cast: Freeze            |    18 |       |       ||    18
       Teleport Other    |     2 |       |       ||     2
       Scorch            |       |    13 |    31 ||    44
       Poisonous Vapours |       |       |     2 ||     2
  Use: Scroll            |     1 |     1 |     5 ||     7
Armor: Leather armour    |    23 |    26 |     8 ||    57
Dodge: Dodged            |    39 |    60 |    18 ||   117

Table legend: (Time is in decaauts)
 A = Elapsed time spent in this place.
 B = Non-inter-level travel time spent in this place.
 C = Inter-level travel time spent in this place.
 D = Time resting spent in this place.
 E = Time spent auto-exploring this place.
 F = Levels seen in this place.
 G = Mean time per level.
                   A        B        C        D        E       F      G
               +--------+--------+--------+--------+--------+-----+--------+
         Total |   6226 |   6046 |    180 |   1823 |   3131 |   6 | 1037.7 |
       Dungeon |   5836 |   5656 |    180 |   1704 |   3063 |   5 | 1167.2 |
         Sewer |    389 |    389 |      0 |    119 |     68 |   1 |  389.0 |
               +--------+--------+--------+--------+--------+-----+--------+

Top non-repeatable levels by time:
     D:4: 1427 daAuts
     D:2: 1214 daAuts
     D:5: 1154 daAuts
     D:1: 1108 daAuts
     D:3: 930 daAuts
   Sewer: 389 daAuts
